 Dungeon Crawl Stone Soup version 0.21.1-1-g345015f (webtiles) character file.

5336 sking99 the Carver (level 10, -4/91 HPs)
             Began as a Minotaur Fighter on July 1, 2018.
             Was an Initiate of Gozag.
             Slain by a slime creature (7 damage)
             ... on level 9 of the Dungeon.
             The game lasted 00:21:23 (8397 turns).

sking99 the Carver (Minotaur Fighter)               Turns: 8397, Time: 00:21:25

Health: -4/91      AC:  5    Str: 24    XL:     10   Next: 38%
Magic:  9/9        EV: 12    Int:  6    God:    Gozag
Gold:   1055       SH:  0    Dex: 11    Spells: 9/9 levels left

rFire    + . .     SeeInvis .   g - +0 great sword
rCold    . . .     Gourm    .   (shield currently unavailable)
rNeg     . . .     Faith    .   B - +1 leather armour of Creativity {Regen+ Str+2}
rPois    +         Spirit   .   C - +0 hat
rElec    .         Reflect  .   (no cloak)
rCorr    +         Harm     .   h - +0 pair of gloves
MR       ++...     NoTele   +   (no boots)
Stlth    +.........             (no amulet)
HPRegen  0.65/turn              u - ring "Qioz" {rCorr -Tele rPois rF+ MR+}
MPRegen  0.11/turn              F - ring of protection from magic

@: gold aura, very heavily drained
A: retaliatory headbutt, horns 2
a: Potion Petition, Call Merchant, Bribe Branch, Renounce Religion


You were on level 9 of the Dungeon.
You worshipped Gozag.
Gozag was most pleased with you.
You were near starving.

You visited 2 branches of the dungeon, and saw 10 of its levels.

You collected 1546 gold pieces.
You spent 420 gold pieces at shops.
You paid 71 gold pieces to Gozag.

Inventory:

Hand Weapons
 g - a +0 great sword (weapon)
Armour
 h - a +0 pair of gloves (worn)
 B - the +1 leather armour of Creativity (worn) {Regen+ Str+2}
   (You found it on level 7 of the Dungeon)

   It affects your strength (+2).
   It increases your rate of regeneration.
 C - a +0 hat (worn)
Jewellery
 u - the ring "Qioz" (left hand) {rCorr -Tele rPois rF+ MR+}
   (You bought it in a shop on level 6 of the Dungeon)

   [ring of resist corrosion]

   It protects you from fire.
   It protects you from poison.
   It affects your resistance to hostile enchantments.
   It prevents most forms of teleportation.
 F - a ring of protection from magic (right hand)
Wands
 a - a wand of iceblast (10)
 b - a wand of enslavement (16)
 r - a wand of clouds (6)
 y - a wand of flame (24)
 z - a wand of polymorph (21)
Scrolls
 c - 3 scrolls of teleportation
 e - a scroll of magic mapping
 i - 3 scrolls of amnesia
 j - a scroll of fog
 m - 3 scrolls of remove curse
 o - a scroll of enchant armour {unknown}
 s - 4 scrolls of enchant weapon {unknown}
 A - a scroll of random uselessness {unknown}
Potions
 d - a potion of degeneration
 k - 2 potions of magic
 l - 3 potions of heal wounds
 p - 4 potions of lignification
 q - a potion of resistance
 v - a potion of brilliance {unknown}
 w - a potion of invisibility {unknown}
 E - a potion of curing {unknown}
Books
 D - a book of Flames

   Spells                             Type                      Level
   a - Flame Tongue                   Conjuration/Fire             1
   b - Throw Flame                    Conjuration/Fire             2
   c - Conjure Flame                  Conjuration/Fire             3
   d - Inner Flame                    Hexes/Fire                   3
   e - Sticky Flame                   Conjuration/Fire             4
   f - Fireball                       Conjuration/Fire             5
Comestibles
 f - 12 rations


   Skills:
 - Level 9.3(5.5) Fighting
 * Level 14.5(10.2) Long Blades
 - Level 3.6(0.3) Armour
 + Level 5.7(2.2) Dodging
   Level 3.6(0.3) Shields


You had 9 spell levels left.
You didn't know any spells.

Dungeon Overview and Level Annotations

Branches:
Dungeon (9/15)             Temple (1/1) D:4            Lair (0/6) D:8
    Orc: D:9-12

Altars:
Ashenzari
Cheibriados
Dithmenos
Elyvilon
Fedhas
Gozag
Hepliaklqana
Kikubaaqudgha
Makhleb
Nemelex Xobeh
Okawaru
Qazlal
Ru
Sif Muna
Trog
Uskayaw
Vehumet
Wu Jian
Xom
Yredelemnul
Zin
The Shining One

Shops:
D:6 =

Annotations:
D:9 totalnoob's ghost, journeyman GrFi


Innate Abilities, Weirdness & Mutations

You reflexively headbutt those who attack you in melee.
You have a pair of horns on your head.


Message History

The slime creature is distracted by the nearby gold.
The slime creature quivers.
You barely miss the slime creature.
The slime creature is no longer distracted by gold.
Your headbutt misses the slime creature.
The slime creature is lightly wounded.
The slime creature hits you but does no damage.
The slime creature hits you!
* * * LOW HITPOINT WARNING * * *
The slime creature barely misses you. You furiously retaliate!
You headbutt the slime creature!
You riposte.
You slash the slime creature! You headbutt the slime creature!!
The slime creature is severely wounded.
You barely miss the slime creature.
The slime creature is severely wounded.
The slime creature hits you!
* * * LOW HITPOINT WARNING * * *
The slime creature hits you!
You die...
Your body crumbles into a pile of gold.

........####...######.###
....................#...##### ###
......(.>#..##..#######.....###..
......(..#.###...##########..#...
.........#.# ##......# ##.....
...........# #......##### #.....
.....[<.#### ##.........# #.....
....>..).# ####$........# ##....
.........####..J@........# #....
............#.##J....#########...
...<.............................
.............#.#.....########....
..<............#.....# #....
#...........#..#.....# #....
...............#.....# #....
##.#.#...#..#.....#### ##...
##...#...##.......# ##..


You could see 2 slime creatures.

Vanquished Creatures
  A two-headed ogre (D:8)
  Pikel (D:6)
  The ghost of Recruiting the Cudgeler, an amateur HuBe of Trog (D:3)
  2 slime creatures
  The ghost of janNiko the Magician, an amateur DsWz of Sif Muna (D:8)
  A wyvern (D:8)
  2 orc warriors (D:8)
  A black bear (D:7)
  2 ice beasts
  4 ogres
  3 centaurs
  A bullfrog (D:8)
  A wyvern zombie (D:6)
  4 scorpions
  9 killer bees
  2 howler monkeys
  2 vampire bats (D:4)
  A centaur zombie (D:5)
  A bullfrog zombie (D:6)
  3 crimson imps
  2 jellies (D:8)
  A quasit (D:8)
  2 bullfrog skeletons (D:5)
  5 hounds
  An orc priest (D:4)
  12 orc wizards
  Ijyb (D:5)
  2 iguanas (D:6)
  8 worker ants
  A hound skeleton (D:7)
  A howler monkey zombie (D:5)
  7 gnolls (D:6)
  10 adders
  5 shadow imps
  An ooze (D:4)
  An adder skeleton (D:4)
  2 worms
  2 dart slugs
  6 leopard geckos
  24 orcs
  3 bat skeletons (D:4)
  3 bat zombies (D:4)
  4 giant cockroaches
  14 goblins
  5 hobgoblins
  8 jackals
  12 kobolds
  2 quokkas
  A ball python (D:3)
  9 bats
  8 frilled lizards
  A giant cockroach zombie (D:5)
  2 gnoll zombies (D:6)
  A jackal skeleton (D:5)
  2 leopard gecko skeletons (D:7)
  A quokka skeleton (D:4)
  9 rats
222 creatures vanquished.

Vanquished Creatures (others)
  2 slaves (D:6)
  A jelly (D:6)
  2 orc wizards
  An orc priest (D:6)
  A bullfrog skeleton (D:6)
  2 worker ants (D:6)
  A hound skeleton (D:6)
  An adder (D:6)
  A gnoll (D:6)
12 creatures vanquished.

Grand Total: 234 creatures vanquished

Notes
Turn   | Place    | Note
-------+----------+-------------------------------------------
     0 | D:1      | sking99 the Minotaur Fighter began the quest for the Orb.
     0 | D:1      | Reached XP level 1. HP: 19/19 MP: 0/0
    75 | D:1      | Reached skill level 3 in Long Blades
    79 | D:1      | Reached XP level 2. HP: 20/27 MP: 1/1
   458 | D:1      | Reached XP level 3. HP: 33/33 MP: 2/2
   619 | D:2      | Reached skill level 4 in Long Blades
  1110 | D:3      | Reached XP level 4. HP: 38/41 MP: 3/3
  1279 | D:3      | Noticed Recruiting's ghost (amateur HuBe)
  1341 | D:3      | Killed Recruiting's ghost
  1341 | D:3      | Reached skill level 5 in Fighting
  1341 | D:3      | Reached skill level 6 in Long Blades
  1341 | D:3      | Reached XP level 5. HP: 39/48 MP: 4/4
  1341 | D:3      | Reached XP level 6. HP: 46/56 MP: 5/5
  1461 | D:3      | Found a shattered altar of Ashenzari.
  1505 | D:3      | Found a hide-covered altar of Uskayaw.
  2038 | D:4      | Found a shadowy altar of Dithmenos.
  2047 | D:4      | Reached skill level 7 in Long Blades
  2260 | D:4      | Reached XP level 7. HP: 53/63 MP: 6/6
  2285 | D:4      | Reached skill level 8 in Long Blades
  2509 | D:4      | Found a staircase to the Ecumenical Temple.
  2517 | Temple   | Entered the Ecumenical Temple
  2736 | Temple   | Became a worshipper of Gozag Ym Sagoz the Greedy
  3204 | D:4      | Found an ancient bone altar of Kikubaaqudgha.
  3275 | D:4      | Reached skill level 9 in Long Blades
  3293 | D:4      | Found a sacrificial altar of Ru.
  3436 | D:5      | Entered Level 5 of the Dungeon
  3511 | D:5      | Reached XP level 8. HP: 64/73 MP: 7/7
  4046 | D:5      | Noticed Ijyb
  4054 | D:5      | Killed Ijyb
  4147 | D:5      | Found a radiant altar of Vehumet.
  4344 | D:6      | Noticed Pikel
  4351 | D:6      | Killed Pikel
  4351 | D:6      | Reached skill level 10 in Long Blades
  4353 | D:6      | Reached skill level 11 in Long Blades
  4357 | D:6      | Found Nidary's Jewellery Boutique.
  4373 | D:6      | Bought the ring "Qioz" {rCorr -Tele rPois rF+ MR+} for 420 gold pieces
  4758 | D:6      | Found a basalt altar of Yredelemnul.
  4819 | D:6      | Reached XP level 9. HP: 77/82 MP: 8/8
  5525 | D:7      | Found a radiant altar of Vehumet.
  5541 | D:7      | Reached skill level 12 in Long Blades
  5916 | D:7      | Got a shimmering leather armour
  5917 | D:7      | Identified the +1 leather armour of Creativity {Regen+ Str+2} (You found it on level 7 of the Dungeon)
  6358 | D:7      | Found a sparkling altar of Nemelex Xobeh.
  6624 | D:8      | Reached skill level 1 in Dodging
  6760 | D:8      | Noticed janNiko's ghost (amateur DsWz)
  6780 | D:8      | Killed janNiko's ghost
  6832 | D:8      | Found a staircase to the Lair.
  6913 | D:8      | Reached skill level 13 in Long Blades
  6968 | D:8      | Noticed a two-headed ogre
  6976 | D:8      | Killed a two-headed ogre
  6977 | D:8      | Found a hazy altar of Hepliaklqana.
  7016 | D:8      | Reached XP level 10. HP: 60/91 MP: 9/9
  7462 | D:9      | Reached skill level 14 in Long Blades
  7466 | D:8      | Reached skill level 5 in Dodging
  7690 | D:9      | Noticed totalnoob's ghost (journeyman GrFi)
  8397 | D:9      | HP: 3/91 [slime creature (15)]
  8397 | D:9      | Slain by a slime creature

Skill      XL: |  1  2  3  4  5  6  7  8  9 10 |
---------------+-------------------------------+-----
Long Blades    | 3 4 6 7 9 11 13 14 | 14.5
Fighting       | 4 5 6 7 8 9 |  9.3
Dodging        | 4 5 |  5.7
Armour         | |  3.6
Shields        | |  3.6

Action                   |  1- 3 |  4- 6 |  7- 9 | 10-12 || total
-------------------------+-------+-------+-------+-------++-------
Melee: Long sword        |   108 |    99 |    18 |       ||   225
       Headbutt          |    17 |    25 |    52 |    24 ||   118
       Great sword       |       |       |   235 |   103 ||   338
Invok: Potion Petition   |       |       |       |     1 ||     1
  Use: Scroll            |       |    10 |     7 |       ||    17
       Potion            |       |     1 |     3 |       ||     4
 Stab: Invisible         |       |       |       |     2 ||     2
  Eat: Chunk             |     1 |     3 |     2 |       ||     6
       Ration            |       |       |     4 |     1 ||     5
Armor: Scale mail        |    54 |    44 |   104 |       ||   202
       Skin              |       |       |     5 |       ||     5
       Leather armour    |       |       |    21 |    21 ||    42
Dodge: Dodged            |    37 |    23 |   145 |    87 ||   292
Block: Shield            |    55 |    46 |    13 |       ||   114
       Rpst.: Long sword |     8 |     8 |     2 |       ||    18
       Great sword       |       |       |    41 |    25 ||    66
